 Dungeon Crawl Stone Soup version 0.31-a0-219-g8d62b2e7bb (webtiles) character file.

Game seed: 11519333894376250632

114 Ymiko097 the Grave Robber (level 4, -5/24 HPs)
             Began as a Deep Elf Necromancer on July 4, 2023.
             Slain by a gnoll
             ... wielding a +0 halberd
              (10 damage)
             ... on level 3 of the Dungeon.
             The game lasted 00:13:40 (1915 turns).

Ymiko097 the Grave Robber (Deep Elf Necromancer)    Turns: 1915, Time: 00:13:44

Health: -5/24      AC:  3    Str:  5    XL:     4   Next: 66%
Magic:  10/12      EV: 13    Int: 22    God:
Gold:   53         SH:  0    Dex: 15    Spells: 7/12 levels left

rFire   . . .        j - +4 whip (drain)
rCold   + . .        (no shield)
rNeg    . . .        f - +1 robe {rC+}
rPois   .            (no helmet)
rElec   .            (no cloak)
rCorr   .            (no gloves)
SInv    .            (no boots)
Will    .....        (no amulet)
Stlth   +++          (no ring)
HPRegen 0.24/turn    (no ring)
MPRegen 0.13/turn

%: no passive effects
@: no status effects
A: no striking features
a: no special abilities


You were on level 3 of the Dungeon.
You visited 1 branch of the dungeon, and saw 3 of its levels.

You collected 53 gold pieces.

Inventory:

Hand Weapons
 h - a +0 short sword
 j - a +4 whip of draining (weapon)
Armour
 a - a +0 robe
 f - a +1 robe of cold resistance (worn)
Wands
 l - a wand of charming (12)
Scrolls
 d - a scroll of brand weapon {unknown}
 e - a scroll of amnesia {unknown}
 k - a scroll of fog {unknown}
 m - a scroll of noise {unknown}
 n - a scroll of identify {unknown}
Potions
 b - 3 potions of magic
 c - 2 potions of curing {unknown}
 g - 3 potions of heal wounds {unknown}
 i - a potion of berserk rage {unknown}


   Skills:
 + Level 3.1 Dodging
 * Level 4.2 Stealth
 * Level 4.6 Spellcasting
 + Level 5.3 Necromancy


You had 7 spell levels left.
You knew the following spells:

 Your Spells              Type           Power      Damage    Failure   Level
a - Necrotise             Necr           100%       1d9       1%          1
b - Animate Dead          Necr           28%        N/A       12%         4

Your spell library contained the following spells:

 Spells                   Type           Power      Damage    Failure   Level
 Vampiric Draining        Necr           28%        2d8       3%          3
 Agony                    Necr           28%        N/A       32%         5


Dungeon Overview and Level Annotations

Branches:
Dungeon (3/15)

Altars:
Okawaru

Annotations:
D:3 Natasha


Message History

The bat hits you but does no damage.
Casting: Necrotise (safe; 1% risk of failure)
Confirm with . or Enter, or press ? or * to list all spells.
Aiming: Necrotise (safe; 1% risk of failure)
Press: ? - help, Shift-Dir - straight line, p - gnoll The bat barely resists.
The bat hits you but does no damage. The bat closely misses you.
The gnoll closely misses you.
The gnoll shouts!
You hit the gnoll.
The gnoll is heavily wounded.
You hear a shout!
The bat closely misses you. The gnoll barely misses you.
You barely miss the gnoll.
The gnoll is heavily wounded.
The bat hits you but does no damage. The gnoll hits you with a +0 halberd!
Casting: Necrotise (safe; 1% risk of failure)
Confirm with . or Enter, or press ? or * to list all spells.
Aiming: Necrotise (safe; 1% risk of failure)
Press: ? - help, Shift-Dir - straight line, f - gnoll
Aim: a gnoll, wielding a +0 halberd (heavily wounded, chance to affect: 88%)
The gnoll writhes in agony.
The bat hits you but does no damage. The gnoll hits you with a +0 halberd!
Ouch! That really hurt!
* * * LOW HITPOINT WARNING * * *
Natasha, Servant of Life and Death comes into view.
Natasha hisses angrily.
The gnoll misses you.
Casting: Necrotise (safe; 1% risk of failure)
Confirm with . or Enter, or press ? or * to list all spells.
You don't know that spell.
Casting: Necrotise (safe; 1% risk of failure)
Confirm with . or Enter, or press ? or * to list all spells.
Aiming: Necrotise (safe; 1% risk of failure)
Press: ? - help, Shift-Dir - straight line, f/p - gnoll
Aim: a gnoll, wielding a +0 halberd (heavily wounded, chance to affect: 88%)
The gnoll writhes in agony.
The hobgoblin shouts!
The bat hits you but does no damage.
The gnoll hits you from afar with a +0 halberd!
You die...

##.........
+.........
#.........
#.#...g.....
#.#......g..
#.#.##h<######
#<.......####
#.#.##......##
#. #@b......
#.##..####..
#..#.g# #
##..g.# #....#
#....# ####
#.>..# .....
#....##
......##.)...#


You could see Natasha, 2 gnolls, a hobgoblin and a bat.

Vanquished Creatures
  Jessica (D:2)
  Natasha (D:3)
  An adder (D:2)
  A worm (D:2)
  2 dart slugs (D:2)
  5 orcs (D:2)
  4 ball pythons (D:2)
  3 endoplasms
  A giant cockroach (D:2)
  3 goblins (D:1)
  A hobgoblin (D:1)
  2 quokkas
  7 bats
  4 frilled lizards
  4 kobolds
  A rat (D:2)
41 creatures vanquished.

Vanquished Creatures (collateral kills)
  2 ball pythons (D:1)
  A goblin (D:3)
3 creatures vanquished.

Grand Total: 44 creatures vanquished

Notes
Turn   | Place    | Note
-------+----------+-------------------------------------------
     0 | D:1      | Ymiko097 the Deep Elf Necromancer began the quest for the
                  | Orb.
     0 | D:1      | Reached XP level 1. HP: 10/10 MP: 6/6
   299 | D:1      | Reached XP level 2. HP: 8/15 MP: 4/8
   539 | D:1      | Reached skill level 5 in Necromancy
   907 | D:2      | Reached XP level 3. HP: 8/19 MP: 6/10
  1218 | D:2      | Noticed Jessica
  1239 | D:2      | Killed Jessica
  1242 | D:2      | Reached XP level 4. HP: 24/24 MP: 9/12
  1422 | D:2      | Learned a level 4 spell: Animate Dead
  1477 | D:2      | Found an iron altar of Okawaru.
  1802 | D:3      | Noticed Natasha
  1831 | D:3      | Killed Natasha
  1913 | D:3      | Noticed Natasha
  1915 | D:3      | Slain by a gnoll

Illustrated notes

Levels and vault maps discovered:
D:1:      minmay_arrival_wavy_path, layout_loops_cross, minivault_11,
          moated_statue, kennysheep_doodads, st_stairs_8, nrook_mini_vaults
D:2:      layout_loops_cross, basic_altar, uniq_jessica
D:3:      layout_basic, mainiacjoe_overflow_chevrons, serial_shops, shop,
          uniq_terence, uniq_grinder, uniq_natasha

Skill      XL: |  1  2  3  4 |
---------------+-------------+-----
Stealth        | 3 4 |  4.2
Necromancy     | 5 |  5.3
Dodging        | 3 |  3.1
Spellcasting   | 4 |  4.6

Action                     |  1- 3 |  4- 6 || total
---------------------------+-------+-------++-------
  Melee: Unarmed           |    35 |       ||    35
         Whip              |    18 |    14 ||    32
         Short sword       |     2 |       ||     2
   Cast: Necrotise         |    25 |    19 ||    44
   Stab: Sleeping          |     2 |     1 ||     3
 Armour: Robe              |    20 |    10 ||    30
  Dodge: Dodged            |    53 |    26 ||    79

Table legend: (Time is in decaauts)
 A = Elapsed time spent in this place.
 B = Non-inter-level travel time spent in this place.
 C = Inter-level travel time spent in this place.
 D = Time resting spent in this place.
 E = Time spent auto-exploring this place.
 F = Levels seen in this place.
 G = Mean time per level.
                   A        B        C        D        E       F      G
               +--------+--------+--------+--------+--------+-----+--------+
         Total |   1926 |   1467 |    459 |    155 |    916 |   3 |  642.0 |
       Dungeon |   1926 |   1467 |    459 |    155 |    916 |   3 |  642.0 |
               +--------+--------+--------+--------+--------+-----+--------+

Top non-repeatable levels by time:
     D:2: 924 daAuts
     D:1: 879 daAuts
     D:3: 122 daAuts
